 Dungeon Crawl Stone Soup version 0.28.0-47-ge53b351184 (webtiles) character file.

Game seed: 14474193835839939394

634 seaoflcl the Carver (level 7, -1/52 HPs)
             Began as a Human Fighter on May 1, 2022.
             Was an Initiate of Makhleb.
             Slain by a water moccasin (7 damage)
             ... on level 6 of the Dungeon.
             The game lasted 00:05:30 (5559 turns).

seaoflcl the Carver (Human Fighter)                 Turns: 5559, Time: 00:05:31

Health: -1/52      AC:  9    Str: 18    XL:     7   Next: 78%
Magic:  7/7        EV:  9    Int:  8    God:    Makhleb [......]
Gold:   215        SH:  4    Dex: 13    Spells: 6/6 levels left

rFire   . . .      SeeInvis .   l - +6 dagger
rCold   + . .      Faith    .   c - +0 buckler
rNeg    . . .      Spirit   .   b - +0 scale mail
rPois   .          Reflect  .   (no helmet)
rElec   .          Harm     .   (no cloak)
rCorr   .          Rampage  .   g - +0 pair of gloves
Will    .....                   w - +0 pair of boots
Stlth   ..........              (no amulet)
HPRegen 0.17/turn               i - ring of protection from cold
MPRegen 0.10/turn               (no ring)

@: mighty, brilliant
A: no striking features
a: Renounce Religion


You were on level 6 of the Dungeon.
You worshipped Makhleb.
Makhleb was noncommittal.
You visited 2 branches of the dungeon, and saw 7 of its levels.

You collected 215 gold pieces.

Inventory:

Hand Weapons
 a - a +0 long sword
 l - a +6 dagger (weapon)
Armour
 b - a +0 scale mail (worn)
 c - a +0 buckler (worn)
 g - a +0 pair of gloves (worn)
 o - the +3 robe "Xahoduf" {+Blink Dex+2}
   (You took it off a hobgoblin on level 3 of the Dungeon)

   Dex:       It affects your dexterity (+2).
   +Blink:    It lets you blink.
 r - a +0 troll leather armour
 w - a +0 pair of boots (worn)
Jewellery
 i - a ring of protection from cold (left hand)
 n - a ring of wizardry
Wands
 q - a wand of paralysis (11)
Scrolls
 h - 2 scrolls of teleportation
 j - a scroll of fear {unknown}
 k - a scroll of magic mapping {unknown}
 m - 5 scrolls of identify {unknown}
 s - a scroll of immolation {unknown}
 t - a scroll of enchant armour {unknown}
 v - a scroll of noise {unknown}
Potions
 e - a potion of brilliance
 f - 3 potions of curing {unknown}
 p - a potion of magic {unknown}
 u - a potion of heal wounds {unknown}


   Skills:
 - Level 3.0 Fighting
 * Level 8.2 Long Blades
 - Level 3.0 Armour
 - Level 3.0 Shields


You had 6 spell levels left.
You didn't know any spells.
Your spell library contained the following spells:

 Spells                   Type           Power      Damage    Failure   Level
 Animate Skeleton         Necr           0%         N/A       87%         1
 Pain                     Necr           0%         1d4       87%         1
 Corpse Rot               Necr/Air       0%         N/A       95%         2
 Poisonous Vapours        Pois/Air       0%         N/A       95%         2
 Sublimation of Blood     Necr           0%         N/A       95%         2
 Wereblood                Tmut           0%         N/A       95%         2
 Vampiric Draining        Necr           0%         2d6       99%         3
 Summon Hydra             Summ           0%         N/A       100%        7


Dungeon Overview and Level Annotations

Branches:
Dungeon (6/15)             Temple (1/1) D:5

Altars:
Cheibriados
Elyvilon
Hepliaklqana
Makhleb
Nemelex Xobeh
Qazlal
Sif Muna
Trog
Uskayaw
Vehumet
Yredelemnul
Zin
The Shining One


Message History

The water moccasin is moderately wounded.
You feel sick.
The water moccasin bites you but does no damage.
You closely miss the water moccasin.
The water moccasin is moderately wounded.
You feel sick.
The water moccasin bites you but does no damage.
You closely miss the water moccasin.
The water moccasin is moderately wounded.
You feel sick.
The water moccasin bites you but does no damage.
You hit the water moccasin.
The water moccasin is heavily wounded.
You feel sick. The water moccasin bites you.
* * * LOW HITPOINT WARNING * * *
You hit the water moccasin.
The water moccasin is severely wounded.
The water moccasin barely misses you. x2
It was a potion of brilliance.
You feel clever all of a sudden.
You feel sick. The water moccasin bites you.
* * * LOW HITPOINT WARNING * * *
You barely miss the water moccasin.
The water moccasin is heavily wounded.
You feel sick. You block the water moccasin's attack.
You feel very mighty all of a sudden.
You feel sick. The water moccasin bites you.
* * * LOW HITPOINT WARNING * * *
You miss the water moccasin.
The water moccasin is heavily wounded.
You feel sick.
You are no longer poisoned.
You block the water moccasin's attack.
You closely miss the water moccasin.
The water moccasin is heavily wounded.
The water moccasin bites you but does no damage.
You closely miss the water moccasin.
The water moccasin is heavily wounded.
The water moccasin bites you!
You die...

####
#..
#.#
#<#
#@#
#S#
#.#
#.#
#.#
#..
###


You could see a water moccasin.

Vanquished Creatures
  2 ice beasts (D:5)
  An ogre (D:5)
  A phantom (D:5)
  A bullfrog skeleton (D:5)
  Jessica (D:3)
  An iguana (D:5)
  2 orc wizards (D:5)
  A hound zombie (D:5)
  A hound skeleton (D:3)
  5 adders
  An ufetubus (D:4)
  4 worms
  A dart slug (D:3)
  8 orcs
  4 ball pythons
  4 endoplasms
  2 giant cockroaches (D:3)
  8 goblins
  5 hobgoblins
  9 jackals
  2 quokkas (D:2)
  4 bats
  4 frilled lizards
  6 kobolds
  7 rats
85 creatures vanquished.

Notes
Turn   | Place    | Note
-------+----------+-------------------------------------------
     0 | D:1      | seaoflcl the Human Fighter began the quest for the Orb.
     0 | D:1      | Reached XP level 1. HP: 18/18 MP: 1/1
   155 | D:1      | Reached XP level 2. HP: 13/24 MP: 2/2
   334 | D:1      | Found a faded altar of an unknown god.
   379 | D:1      | Reached skill level 3 in Long Blades
  1036 | D:2      | Reached XP level 3. HP: 23/29 MP: 3/3
  2233 | D:2      | Reached skill level 4 in Long Blades
  2233 | D:2      | Reached XP level 4. HP: 35/35 MP: 4/4
  2571 | D:3      | Noticed Jessica
  2575 | D:3      | Killed Jessica
  2711 | D:3      | Reached XP level 5. HP: 39/41 MP: 5/5
  2798 | D:3      | Reached skill level 5 in Long Blades
  2870 | D:3      | Identified the +3 robe "Xahoduf" {+Blink Dex+2}
  3474 | D:5      | Entered Level 5 of the Dungeon
  3923 | D:5      | Reached XP level 6. HP: 39/47 MP: 6/6
  3985 | D:5      | Found a staircase to the Ecumenical Temple.
  3988 | D:5      | Noticed an ice beast
  4011 | D:5      | Reached skill level 6 in Long Blades
  4018 | D:5      | Killed an ice beast
  4019 | D:5      | Reached XP level 7. HP: 23/52 MP: 7/7
  4025 | D:5      | Reached skill level 7 in Long Blades
  4797 | D:5      | Reached skill level 8 in Long Blades
  5123 | Temple   | Entered the Ecumenical Temple
  5130 | Temple   | Became a worshipper of Makhleb the Destroyer
  5540 | D:6      | Noticed a water moccasin
  5559 | D:6      | Slain by a water moccasin

Illustrated notes

Levels and vault maps discovered:
D:1:      minmay_arrival_semitransparent, layout_basic, basic_ecumenical_altar,
          chequers_serial_rivers_room_a
D:2:      layout_basic, minmay_ruptured
D:3:      kb_forest_paths, layout_basic, uniq_jessica
D:4:      layout_rooms, mainiacjoe_overflow_cross_hatched, minivault_23
D:5:      layout_loops_cross, minmay_temple_entry_large_hall,
          cheibrodos_sewer_entry_bend
D:6:      layout_loops_cross, marbit_many_paths, uniq_duvessa, uniq_grinder
Temple:   nicolae_temple_x_marks_the_god

Skill      XL: |  1  2  3  4  5  6  7 |
---------------+----------------------+-----
Long Blades    | 3 4 5 6 8 |  8.2
Fighting       | |  3.0
Armour         | |  3.0
Shields        | |  3.0

Action                   |  1- 3 |  4- 6 |  7- 9 || total
-------------------------+-------+-------+-------++-------
Melee: Long sword        |    96 |       |       ||    96
       Dagger            |     8 |   146 |    85 ||   239
  Use: Scroll            |       |     1 |       ||     1
       Potion            |       |       |     2 ||     2
Armor: Scale mail        |    47 |    65 |    23 ||   135
Dodge: Dodged            |    53 |    74 |    18 ||   145
Block: Buckler           |    27 |    23 |    11 ||    61
